AoeStats
← LM | TornardoBriese

Arabia

507608138Analyzed
1v1 RM · 13d ago on Sep 19, 2026· 26m 44s· 2 players
Game mode
Random Map
Map size
Tiny (2 player)
Population
200
Speed
Normal
Resources
Standard
Victory
Conquest
Starting age
Dark Age
Ending age
Imperial Age
RankedLock teamsTeams togetherTeam positionsShared explorationLock speedFull tech treeHidden civsTurbo modeCheats
Victory
Defeat
🇨🇭 Georgians · Switzerland
1134
+16
🇨🇱 Khmer · Chile
1130
-16
The last villager
8:03 Loom
9:53 Feudal Age
9:10 Loom
14:29 Double-Bit Axe
18:47 Bloodlines
19:47 Fletching
21:18 Scale Barding Armor
21:23 Forging
24:41 Horse Collar
LM | TornardoBriese
6:41 Loom
9:31 Feudal Age
9:36 Man-at-Arms
10:27 Double-Bit Axe
18:48 Wheelbarrow
21:32 Castle Age
20:12 Fletching
20:15 Gold Mining
20:47 Padded Archer Armor
21:36 Crossbowman
22:13 Bodkin Arrow
22:34 Bow Saw
24:54 Bloodlines
24:45 Husbandry
24:48 Horse Collar
Connection lost

Rejoining the realm…

Still unreachable

The connection could not be restored.

Session expired

The server has moved on; the page needs a fresh start.